BSA
ST. LOUIS BROWNS @ JERSEY SHORE D-BAGS
03/22/2027
 
TOP OF THE 1ST
St. Louis Browns batting - Pitching for Jersey Shore D-Bags : RHP José Ramos
Pitching: RHP José Ramos
Batting: SHB Ryobe Yamamoto 0-0: Ground out U3 (Groundball, 3)
Batting: LHB Robin Hill 0-0: Called Strike
0-1: Called Strike
0-2: SINGLE (Popup, 56)
Batting: LHB Mike Hill 0-0: Ball
1-0: Called Strike
1-1: Fly out, F7 (Line Drive, 7D)
Batting: LHB Jorge Torres 0-0: Called Strike
0-1: Ball
1-1: Swinging Strike
1-2: Fielders Choice at 2nd, 4-6 (Groundball, 4)
Top of the 1st over - 0 run(s), 1 hit(s), 0 error(s), 0 left on base; St. Louis 0 - Jersey Shore 0
BOTTOM OF THE 1ST
Jersey Shore D-Bags batting - Pitching for St. Louis Browns : RHP Claudio Martínez
Pitching: RHP Claudio Martínez
Batting: RHB John Moore 0-0: Swinging Strike
0-1: Called Strike
0-2: Ball
1-2: Ball
2-2: Ball
3-2: Ground out 6-3 (Groundball, 56)
Batting: RHB Millard Boyd 0-0: Foul Ball, location: 2F
0-1: Swinging Strike
0-2: Ball
1-2: SINGLE (Line Drive, 8LS)
Batting: RHB Miguel Serna 0-0: Ball
1-0: Ball
2-0: Foul Ball, location: 2F
2-1: Ball
3-1: Called Strike
3-2: Strikes out looking
Batting: RHB Luis Ríos 0-0: Foul Ball, location: 2F
0-1: Ball
Millard Boyd steals 2nd base
1-1: Ball
2-1: Ball
3-1: Foul Ball, location: 2F
3-2: Base on Balls
Batting: LHB Pat Zimmerman 0-0: Foul Ball, location: 2F
0-1: Swinging Strike
0-2: Fly out, F7 (Flyball, 78S)
Bottom of the 1st over - 0 run(s), 1 hit(s), 0 error(s), 2 left on base; St. Louis 0 - Jersey Shore 0
TOP OF THE 2ND
St. Louis Browns batting - Pitching for Jersey Shore D-Bags : RHP José Ramos
Batting: RHB Carlos Alfaro 0-0: Ball
1-0: Foul Ball, location: 2F
1-1: Ball
2-1: Called Strike
2-2: Ball
3-2: Ground out 5-3 (Groundball, 56S)
Batting: LHB Stan Hickman 0-0: Foul Ball, location: 2F
0-1: Called Strike
0-2: Foul Ball, location: 2F
0-2: Strikes out swinging, 2-3 out at first.
Batting: RHB José Flores 0-0: Ground out 5-3 (Groundball, 56)
Top of the 2nd over - 0 run(s), 0 hit(s), 0 error(s), 0 left on base; St. Louis 0 - Jersey Shore 0
BOTTOM OF THE 2ND
Jersey Shore D-Bags batting - Pitching for St. Louis Browns : RHP Claudio Martínez
Batting: LHB Mike Bryant 0-0: Ball
1-0: Ball
2-0: Called Strike
2-1: Foul Ball, location: 2F
2-2: Strikes out looking
Batting: LHB Albert Morgan 0-0: Foul Ball, location: 2F
0-1: Swinging Strike
0-2: Strikes out looking
Batting: LHB Dave Watt 0-0: Ball
1-0: Called Strike
1-1: Fly out, F5 (Popup, 5L)
Bottom of the 2nd over - 0 run(s), 0 hit(s), 0 error(s), 0 left on base; St. Louis 0 - Jersey Shore 0
TOP OF THE 3RD
St. Louis Browns batting - Pitching for Jersey Shore D-Bags : RHP José Ramos
Batting: RHB Anthony Rucker 0-0: Ball
1-0: Swinging Strike
1-1: Swinging Strike
1-2: Foul Ball, location: 2F
1-2: Ground out 5-3 (Groundball, 56)
Batting: RHB Domingo Romero 0-0: Ball
1-0: Fly out, F7 (Line Drive, 7S)
Batting: SHB Ryobe Yamamoto 0-0: Swinging Strike
0-1: Ball
1-1: Ball
2-1: Ball
3-1: Called Strike
3-2: Ground out 6-3 (Groundball, 6M)
Top of the 3rd over - 0 run(s), 0 hit(s), 0 error(s), 0 left on base; St. Louis 0 - Jersey Shore 0
BOTTOM OF THE 3RD
Jersey Shore D-Bags batting - Pitching for St. Louis Browns : RHP Claudio Martínez
Batting: RHB Cy Keynes 0-0: Ground out 3-1 (Groundball, 34)
Batting: RHB John Moore 0-0: Called Strike
0-1: Ball
1-1: Called Strike
1-2: Fly out, F6 (Line Drive, 56)
Batting: RHB Millard Boyd 0-0: Ball
1-0: Called Strike
1-1: Foul Ball, location: 2F
1-2: Strikes out swinging
Bottom of the 3rd over - 0 run(s), 0 hit(s), 0 error(s), 0 left on base; St. Louis 0 - Jersey Shore 0
TOP OF THE 4TH
St. Louis Browns batting - Pitching for Jersey Shore D-Bags : RHP José Ramos
Batting: LHB Robin Hill 0-0: Ball
1-0: Ball
2-0: Swinging Strike
2-1: SINGLE (Groundball, 6MD)
Batting: LHB Mike Hill 0-0: Fly out, F7 (Flyball, 7LM)
Batting: LHB Jorge Torres 0-0: Ball
1-0: Ball
2-0: Ball
Wild Pitch!
Robin Hill to second
3-0: Fly out, F8 (Flyball, 8LS)
Batting: RHB Carlos Alfaro 0-0: Called Strike
0-1: Ball
1-1: Ball
2-1: Foul Ball, location: 2F
2-2: SINGLE (Groundball, 34D)
Robin Hill to third
Runner from 3rd tries for Home, SAFE, no throw
Batting: LHB Stan Hickman 0-0: Ball
1-0: Ball
2-0: Swinging Strike
2-1: Foul Ball, location: 2F
2-2: Ball
Pickoff Throw to First - Out!
Top of the 4th over - 1 run(s), 2 hit(s), 0 error(s), 0 left on base; St. Louis 1 - Jersey Shore 0
BOTTOM OF THE 4TH
Jersey Shore D-Bags batting - Pitching for St. Louis Browns : RHP Claudio Martínez
Batting: RHB Miguel Serna 0-0: Foul Ball, location: 2F
0-1: Swinging Strike
0-2: Foul Ball, location: 2F
0-2: Ball
1-2: Foul Ball, location: 2F
1-2: Ground out 6-3 (Groundball, 6)
Batting: RHB Luis Ríos 0-0: SINGLE (Line Drive, 7LS)
Batting: LHB Pat Zimmerman 0-0: Ball
1-0: Fly out, F4 (Line Drive, 3D)
Batting: LHB Mike Bryant 0-0: Called Strike
0-1: Ball
1-1: SINGLE (Groundball, 34D)
Luis Ríos to second
Throwing error, E9
Luis Ríos scores
Mike Bryant to second
Batting: LHB Albert Morgan 0-0: Ball
1-0: Called Strike
1-1: Called Strike
1-2: Ground out 4-3 (Groundball, 4S)
Bottom of the 4th over - 1 run(s), 2 hit(s), 1 error(s), 1 left on base; St. Louis 1 - Jersey Shore 1
TOP OF THE 5TH
St. Louis Browns batting - Pitching for Jersey Shore D-Bags : RHP José Ramos
Pitching: RHP Paco Gutiérrez
Batting: LHB Stan Hickman 0-0: Called Strike
0-1: Ball
1-1: Ground out 4-3 (Groundball, 4)
Batting: RHB José Flores 0-0: SINGLE (Flyball, 89S)
Batting: RHB Anthony Rucker 0-0: Ball
1-0: Foul Ball, location: 2F
1-1: Ball
2-1: Foul Ball, location: 2F
2-2: Foul Ball, location: 2F
2-2: Foul Ball, location: 2F
2-2: Foul Ball, location: 2F
2-2: Ball
3-2: Strikes out swinging
Batting: RHB Domingo Romero 0-0: Ball
1-0: Ball
2-0: Swinging Strike
2-1: Ball
3-1: Foul Ball, location: 2F
3-2: Strikes out looking
Top of the 5th over - 0 run(s), 1 hit(s), 0 error(s), 1 left on base; St. Louis 1 - Jersey Shore 1
BOTTOM OF THE 5TH
Jersey Shore D-Bags batting - Pitching for St. Louis Browns : RHP Claudio Martínez
Pitching: RHP Rob Hill
Batting: LHB Dave Watt 0-0: Ball
1-0: Ground out 5-3 (Groundball, 56)
Batting: RHB Cy Keynes 0-0: Ball
1-0: Ball
2-0: Called Strike
2-1: Ball
3-1: Foul Ball, location: 2F
3-2: Foul Ball, location: 2F
3-2: Ground out 5-3 (Groundball, 56)
Batting: RHB John Moore 0-0: Fly out, F9 (Line Drive, 9)
Bottom of the 5th over - 0 run(s), 0 hit(s), 0 error(s), 0 left on base; St. Louis 1 - Jersey Shore 1
TOP OF THE 6TH
St. Louis Browns batting - Pitching for Jersey Shore D-Bags : RHP Paco Gutiérrez
Batting: SHB Ryobe Yamamoto 0-0: SINGLE (Groundball, 56D)
Batting: LHB Robin Hill 0-0: Ball
1-0: Called Strike
1-1: Ball
2-1: Foul Ball, location: 2F
2-2: Foul Ball, location: 2F
2-2: Ball
3-2: Grounds into double play, 4-6-3 (Groundball, 34)
Batting: LHB Mike Hill 0-0: Ball
1-0: Ball
2-0: Called Strike
2-1: Called Strike
2-2: Foul Ball, location: 2F
2-2: Ball
3-2: Foul Ball, location: 2F
3-2: Base on Balls
Batting: LHB Jorge Torres 0-0: Ball
1-0: Foul Ball, location: 2F
1-1: Ball
2-1: Ball
3-1: SINGLE (Groundball, 6D)
Mike Hill to second
Batting: RHB Carlos Alfaro 0-0: Ground out 5-3 (Groundball, 5S)
Top of the 6th over - 0 run(s), 2 hit(s), 0 error(s), 2 left on base; St. Louis 1 - Jersey Shore 1
BOTTOM OF THE 6TH
Jersey Shore D-Bags batting - Pitching for St. Louis Browns : RHP Rob Hill
Batting: RHB Millard Boyd 0-0: Ball
1-0: Swinging Strike
1-1: Foul Ball, location: 2F
1-2: Ball
2-2: Strikes out swinging
Batting: RHB Miguel Serna 0-0: Ball
1-0: Ball
2-0: Foul Ball, location: 2F
2-1: Ground out 1-3 (Groundball, P)
Batting: RHB Luis Ríos 0-0: Called Strike
0-1: Foul Ball, location: 2F
0-2: Ground out 6-3 (Groundball, 6)
Bottom of the 6th over - 0 run(s), 0 hit(s), 0 error(s), 0 left on base; St. Louis 1 - Jersey Shore 1
TOP OF THE 7TH
St. Louis Browns batting - Pitching for Jersey Shore D-Bags : RHP Paco Gutiérrez
Pitching: LHP Hyo-chin Kim
Batting: LHB Stan Hickman 0-0: Ball
1-0: Ball
2-0: Foul Ball, location: 2F
2-1: Foul Ball, location: 2F
2-2: SINGLE (Groundball, 6D)
Pitching: RHP Cristóbal Santos
Pinch Hitting: LHB Junior Coates 0-0: Foul Ball, location: 2F
0-1: Called Strike
0-2: Ball
1-2: Foul Ball, location: 2F
1-2: Ball
2-2: Strikes out looking
Batting: RHB Anthony Rucker 0-0: Foul Ball, location: 2F
0-1: Called Strike
0-2: Ball
1-2: Strikes out swinging
Batting: RHB Domingo Romero 0-0: SINGLE (Line Drive, 56D)
Stan Hickman to second
Batting: RHB Adrian Prouse 0-0: Reached on error, E5 (Groundball, 5)
Stan Hickman to third
Domingo Romero to second
Pinch Hitting: RHB Mario Rosales 0-0: Foul Ball, location: 2F
0-1: Ball
1-1: Called Strike
1-2: Foul Ball, location: 2F
1-2: Fly out, F7 (Flyball, 78XD)
Top of the 7th over - 0 run(s), 2 hit(s), 1 error(s), 3 left on base; St. Louis 1 - Jersey Shore 1
BOTTOM OF THE 7TH
Jersey Shore D-Bags batting - Pitching for St. Louis Browns : RHP Rob Hill
Pitching: LHP Miguel Martínez
Now at 3B: Junior Coates
Now in CF: Mario Rosales
Pinch Hitting: RHB Alfredo Rivera 0-0: Foul Ball, location: 2F
0-1: DOUBLE (Flyball, 78XD)
Batting: LHB Mike Bryant 0-0: Called Strike
0-1: Foul Ball, location: 2F
0-2: Strikes out looking
Batting: LHB Albert Morgan 0-0: Called Strike
0-1: Foul Ball, location: 2F
0-2: Ball
1-2: Foul Ball, location: 2F
1-2: Foul Ball, location: 2F
1-2: Strikes out swinging
Pitching: LHP Brent Miller
Pinch Hitting: LHB Dave Dodd 0-0: Swinging Strike
0-1: Foul Ball, location: 2F
0-2: Strikes out swinging
Bottom of the 7th over - 0 run(s), 1 hit(s), 0 error(s), 1 left on base; St. Louis 1 - Jersey Shore 1
TOP OF THE 8TH
St. Louis Browns batting - Pitching for Jersey Shore D-Bags : RHP Cristóbal Santos
Now in LF: Dave Dodd
Now in RF: Lawrence Yates
Pinch Hitting: RHB R.J. Parker 0-0: Swinging Strike
0-1: Ball
1-1: Swinging Strike
1-2: Ball
2-2: Strikes out swinging
Batting: LHB Jorge Torres 0-0: Ground out 6-3 (Groundball, 6S)
Pinch Hitting: RHB António Venecia 0-0: Called Strike
0-1: Swinging Strike
0-2: Ball
1-2: Strikes out swinging
Top of the 8th over - 0 run(s), 0 hit(s), 0 error(s), 0 left on base; St. Louis 1 - Jersey Shore 1
BOTTOM OF THE 8TH
Jersey Shore D-Bags batting - Pitching for St. Louis Browns : LHP Brent Miller
Now at SS: Tommy Evans
Now in CF: Pepe Vázquez
Batting: RHB Cy Keynes 0-0: Foul Ball, location: 2F
0-1: Ball
1-1: Called Strike
1-2: Foul Ball, location: 2F
1-2: SOLO HOME RUN (Flyball, 7LD), Distance : 346 ft
Pinch Hitting: RHB Ryan McBride 0-0: DOUBLE (Line Drive, 78XD)
Pinch Hitting: RHB Ricardo González 0-0: Foul Ball, location: 2F
0-1: Ball
1-1: Ball
2-1: Bunted foul
2-2: Ground out 5-3 (Groundball, 56)
Pinch Hitting: RHB Ben Morton 0-0: Fly out, F9 (Flyball, 9LM)
Runner from 2nd tags up, SAFE at 3rd with throw
Batting: RHB Luis Ríos 0-0: Fly out, F5 (Line Drive, 5)
Bottom of the 8th over - 1 run(s), 2 hit(s), 0 error(s), 1 left on base; St. Louis 1 - Jersey Shore 2
TOP OF THE 9TH
St. Louis Browns batting - Pitching for Jersey Shore D-Bags : RHP Cristóbal Santos
Pitching: RHP Johnathan Phillips
Now at 2B: Jason Saunders
Now at 3B: Shigemasa Ishida
Now at SS: Ricardo González
Pinch Hitting: LHB Dave Watson 0-0: Ball
1-0: Ball
2-0: Ball
3-0: Called Strike
3-1: Foul Ball, location: 2F
3-2: Strikes out swinging
Batting: LHB Junior Coates 0-0: Called Strike
0-1: Foul Ball, location: 2F
0-2: Ball
1-2: Strikes out swinging, 2-3 out at first.
Pinch Hitting: RHB Octávio Marín 0-0: Ball
1-0: Ground out 4-3 (Groundball, 4)
Top of the 9th over - 0 run(s), 0 hit(s), 0 error(s), 0 left on base; St. Louis 1 - Jersey Shore 2
Thursday, March 30th, 2017 - OOTP Baseball 17.12 Build 75